 Dungeon Crawl Stone Soup version 0.29.1-4-g47bece8355 (webtiles) character file.

Game seed: 14196439737863173794

180 KittyFluff the Cudgeller (level 5, 0/49 HPs)
             Began as a Gargoyle Berserker on Dec 3, 2022.
             Was a Believer of Trog.
             Slain by a river rat (4 damage)
             ... in a sewer.
             The game lasted 00:10:49 (2834 turns).

KittyFluff the Cudgeller (Gargoyle Berserker)       Turns: 2834, Time: 00:10:52

Health: 0/49       AC:  7    Str: 21    XL:     5   Next: 60%
Magic:  5/5        EV: 16    Int: 13    God:    Trog [**....]
Gold:   276        SH:  0    Dex: 11    Spells: 4/4 levels left

rFire   . . .      SeeInvis .   a - +0 mace
rCold   . . .      Faith    .   (no shield)
rNeg    + . .      Spirit   .   b - +0 animal skin
rPois   ∞          Reflect  .   (no helmet)
rElec   +          Harm     .   (no cloak)
rCorr   .          Rampage  .   (no gloves)
Will    .....                   d - +0 pair of boots
Stlth   ..........              (no amulet)
HPRegen 0.16/turn               q - +4 ring of evasion
MPRegen 0.09/turn               n - +6 ring of intelligence

@: berserking, very quick
A: sickness immunity, AC +4, negative energy resistance 1, electricity
resistance, torment resistance 1, petrification resistance
a: Renounce Religion, Berserk, Trog's Hand


You were in a sewer.
You worshipped Trog.
Trog was pleased with you.
You visited 1 branch of the dungeon, and saw 3 of its levels.
You also visited: Sewer.

You collected 276 gold pieces.

Inventory:

Hand Weapons
 a - a +0 mace (weapon)
Missiles
 f - 27 stones (quivered)
 o - 5 poisoned darts
Armour
 b - a +0 animal skin (worn)
 d - a +0 pair of boots (worn)
Jewellery
 n - a +6 ring of intelligence (right hand)
 q - a +4 ring of evasion (left hand)
Scrolls
 g - a scroll of identify {unknown}
 h - a scroll of fog {unknown}
 k - a scroll of enchant weapon {unknown}
 l - a scroll of teleportation {unknown}
 r - a scroll of immolation {unknown}
 s - a scroll of brand weapon {unknown}
 t - 2 scrolls of enchant armour {unknown}
Potions
 c - 6 potions of curing {unknown}
 e - 2 potions of lignification {unknown}
 i - a potion of degeneration {unknown}
 j - 2 potions of mutation {unknown}
 m - a potion of heal wounds {unknown}
 p - a potion of berserk rage {unknown}
 u - 4 potions of flight


   Skills:
 + Level 4.0 Fighting
 + Level 4.4 Maces & Flails
 * Level 3.4 Armour
 + Level 2.5 Dodging
 + Level 0.1 Stealth


You had 4 spell levels left.
You didn't know any spells.
Your spell library was empty.

Dungeon Overview and Level Annotations

Branches:
Dungeon (3/15)              Sewer (1/1)

Altars:
Ru

Shops:
D:2 [


Innate Abilities, Weirdness & Mutations

You are immune to sickness and miasma.
Your stone body is resilient. (AC +4)
You are immune to poison.
You resist negative energy. (rN+)
You are resistant to electric shocks. (rElec)
You are resistant to unholy torment.
You are immune to petrification.


Message History

The river rat closely misses you. The river rat misses you.
You barely miss the river rat.
The river rat is lightly wounded.
The river rat barely misses you.
You sock the river rat!
The river rat is severely wounded.
The river rat misses you. The river rat closely misses you.
The river rat misses you. The river rat completely misses you.
The river rat misses you. The river rat barely misses you.
There is a large open door, spattered with blood here.
You closely miss the river rat. The river rat misses you.
The river rat bites you but does no damage.
The river rat bites you. The river rat barely misses you.
The river rat bites you. The river rat barely misses you.
The river rat closely misses you. The river rat bites you.
You completely miss the river rat. The river rat barely misses you. x2
The river rat closely misses you. The river rat barely misses you.
You barely miss the river rat. The river rat bites you. x2
The river rat bites you but does no damage.
The river rat misses you.
You hit the river rat but do no damage. The river rat misses you.
The river rat barely misses you. The river rat closely misses you. x2
A red film seems to cover your vision as you go berserk!
You feel yourself moving faster!
You feel mighty! The river rat bites you.
* * * LOW HITPOINT WARNING * * *
The river rat bites you but does no damage.
The river rat misses you. The river rat bites you.
* * * LOW HITPOINT WARNING * * *
You thump the river rat!
You kill the river rat!
Trog accepts your kill.
The river rat bites you but does no damage.
The river rat closely misses you. x2
You hit the river rat.
The river rat is lightly wounded.
The river rat bites you.
* * * LOW HITPOINT WARNING * * *
The river rat bites you but does no damage.
The river rat bites you.
You die...

#################################
~~..~~~~~~.~~~~~~.†.~~.~~~≈≈≈≈≈≈≈
≈≈≈≈≈≈≈≈≈≈≈≈≈≈≈≈≈≈≈≈≈≈≈≈≈~≈≈≈≈≈≈≈
~.~.~~~.~.~~~~~~~~.~~~~~≈~≈≈≈≈≈≈≈
#######################~≈~#######
# ###### ###### #~≈~# # #....#
#....# #~≈~# #
#####††#####@r#####~≈~# #
#∩.........r.r..~~~~~~#
#∩.....†.........~~~~~#
#####''#####++#####~≈~# #....#
#~≈.# ###### #~≈.# #~≈~# ~~≈~#
≈≈.≈.#


You could see 3 river rats.

Vanquished Creatures
  6 adders
  3 river rats
  5 worms
  2 dart slugs (D:2)
  An orc (D:2)
  6 endoplasms
  4 giant cockroaches
  4 goblins
  6 hobgoblins
  A jackal (Sewer)
  8 kobolds
  5 quokkas
  12 ball pythons
  4 bats
  10 frilled lizards
  6 rats
83 creatures vanquished.

Notes
Turn   | Place    | Note
-------+----------+-------------------------------------------
     0 | D:1      | KittyFluff the Gargoyle Berserker began the quest for the
                  | Orb.
     0 | D:1      | Reached XP level 1. HP: 14/14 MP: 1/1
   226 | D:1      | Reached XP level 2. HP: 17/19 MP: 2/2
   621 | D:1      | Found a faded altar of an unknown god.
   672 | D:2      | Reached XP level 3. HP: 11/24 MP: 3/3
  1384 | D:2      | Reached ** piety under Trog
  1451 | D:2      | Reached XP level 4. HP: 26/29 MP: 4/4
  1554 | D:2      | Found Xintan's Armour Shoppe.
  1870 | D:3      | Found a sacrificial altar of Ru.
  2297 | D:3      | Found a glowing drain.
  2346 | Sewer    | Entered a sewer
  2368 | Sewer    | Reached XP level 5. HP: 24/33 MP: 5/5
  2834 | Sewer    | Slain by a river rat

Illustrated notes

Levels and vault maps discovered:
D:1:      tarquinn_simple_flora_water_d, layout_basic,
          ebering_ecumenical_altar_ruins
D:2:      layout_rooms, serial_shops, nicolae_shop_hallway_stairs,
          minmay_domino_2
D:3:      layout_basic, mainiacjoe_overflow_concentric_impassable,
          portal_sewer_entry_e
Sewer:    sewer_fruit_machine

Skill      XL: |  1  2  3  4  5 |
---------------+----------------+-----
Dodging        | 2 |  2.5
Maces & Flails | 4 |  4.4
Armour         | 3 |  3.4
Fighting       | 4 |  4.0
Stealth        | |  0.1

Action                   |  1- 3 |  4- 6 || total
-------------------------+-------+-------++-------
Melee: Mace              |   118 |   173 ||   291
       Punch             |       |     4 ||     4
Invok: Berserk           |       |     2 ||     2
 Stab: Sleeping          |     1 |       ||     1
Armor: Animal skin       |    39 |    81 ||   120
Dodge: Dodged            |    90 |   291 ||   381
